 Dungeon Crawl Stone Soup version 0.28-a0-413-gde365fb1df (webtiles) character file.

Game seed: 10226736132055556242

4678 Spaninq the Reanimator (level 10, -2/70 HPs)
             Began as a Demonspawn Necromancer on Sept 7, 2021.
             Was a Follower of Vehumet.
             Slain by a storm dragon (3 damage)
             ... while petrified by you
             ... on level 8 of the Dungeon.
             The game lasted 00:37:45 (11746 turns).

Spaninq the Reanimator (Demonspawn Necromancer)    Turns: 11746, Time: 00:37:46

Health: -2/70      AC: 16    Str: 10    XL:     10   Next: 21%
Magic:  21/21      EV:  5    Int: 18    God:    Vehumet [*.....]
Gold:   293        SH:  0    Dex: 14    Spells: 15/24 levels left

rFire   . . .      SeeInvis .   (weapon currently unavailable)
rCold   . . .      Faith    .   (shield currently unavailable)
rNeg    + + +      Spirit   .   (armour currently unavailable)
rPois   ∞          Reflect  .   (helmet currently unavailable)
rElec   .          Harm     .   (cloak currently unavailable)
rCorr   .          Rampage  .   (gloves currently unavailable)
Will    .....                   (boots currently unavailable)
Stlth   ++........              w - amulet of the acrobat
HPRegen 0.21/turn               l - +4 ring of protection
MPRegen 0.34/turn               v - +4 ring of evasion

@: fungus-form, petrified
A: melee confuse, terrified, no casting, tiny, (claws 1), magic regeneration,
(sanguine armour 1)
a: Renounce Religion


You were on level 8 of the Dungeon.
You worshipped Vehumet.
Vehumet was aware of your devotion.
You were a sentient fungus.
You visited 2 branches of the dungeon, and saw 9 of its levels.

You collected 293 gold pieces.

Inventory:

Hand Weapons
 r - a +3 dagger of electrocution (melded)
Missiles
 y - 9 throwing nets
Armour
 h - a +0 ring mail (melded)
 o - a +0 pair of gloves (melded)
 p - a +0 cloak (melded)
 z - a +0 buckler (melded)
Jewellery
 l - a +4 ring of protection (left hypha)
 v - a +4 ring of evasion (right hypha)
 w - an amulet of the acrobat (around neck)
Wands
 s - a wand of acid (11)
 A - a wand of mindburst (20)
 B - a wand of digging (7)
Scrolls
 b - 3 scrolls of identify
 c - a scroll of teleportation
 e - 4 scrolls of amnesia
 j - 2 scrolls of fear
 k - a scroll of silence
 q - 2 scrolls of fog
 F - 2 scrolls of summoning
Potions
 a - a potion of haste
 d - 3 potions of mutation
 t - 2 potions of ambrosia
 u - 2 potions of curing
 C - a potion of invisibility
 E - a potion of brilliance
 G - a potion of cancellation {unknown}


   Skills:
 + Level 3.4 Fighting
 - Level 1.7 Dodging
 - Level 1.7 Stealth
 - Level 4.0 Shields
 + Level 7.6 Spellcasting
 * Level 12.7 Necromancy


You had 15 spell levels left.
You knew the following spells:

 Your Spells              Type           Power      Damage    Failure   Level
a - Pain                  Necr           100%       1d9       1%          1
b - Vampiric Draining     Necr           25%        2d9       1%          3
c - Agony                 Necr           51%        N/A       1%          5

Your spell library contained the following spells:

 Spells                   Type           Power      Damage    Failure   Level
 Freeze                   Ice            24%        1d5       11%         1
 Animate Skeleton         Necr           100%       N/A       1%          1
 Animate Dead             Necr           25%        N/A       1%          4
 Ignite Poison            Fire/Tmut/Pois 6%         N/A       30%         3
 Mephitic Cloud           Conj/Pois/Air  6%         N/A       30%         3
 Freezing Cloud           Conj/Ice/Air   3%         6-21      96%         5
 Conjure Ball Lightning   Conj/Air       3%         3x3d6     100%        6
 Discord                  Hex            3%         N/A       100%        8
 Disjunction              Tloc           3%         N/A       100%        8
 Chain Lightning          Conj/Air       3%         3d4       100%        9
 Fire Storm               Conj/Fire      3%         8d1       100%        9
 Shatter                  Erth           3%         3d7*      100%        9


Dungeon Overview and Level Annotations

Branches:
Dungeon (8/15)             Temple (1/1) D:6
   Lair: D:8-11

Altars:
Ashenzari
Cheibriados
Dithmenos
Elyvilon
Fedhas
Gozag
Hepliaklqana
Kikubaaqudgha
Nemelex Xobeh
Okawaru
Ru
Sif Muna
Trog
Uskayaw
Vehumet
Wu Jian
Xom
Yredelemnul
The Shining One
Beogh

Shops:
D:6 [

Annotations:
D:3 3 runed translucent doors, silentkaos13's ghost, weakling DsWn
D:8 Psyche


Innate Abilities, Weirdness & Mutations

You are a sentient fungus.
You are tiny and evasive.
Your melee attack releases spores that confuse breathing creatures.
You become terrified and freeze when enemies are visible.
You are immune to poison.
Your armour is entirely melded.
You are incapable of wielding weapons or throwing items.
You cannot cast spells.
((You have sharp fingernails.))
You regenerate magic rapidly.
((When seriously injured, your bleeding wounds create armour. (AC +0)))


Message History

You release spores at Psyche.
Psyche is lightly wounded.
Psyche barely misses you.
The storm dragon bites you but does no damage.
The storm dragon misses you. The storm dragon closely misses you.
You release spores at Psyche.
Psyche is moderately wounded.
Psyche barely misses you. The storm dragon misses you.
The storm dragon completely misses you. The storm dragon misses you.
You release spores at Psyche!
Psyche appears confused.
Psyche is severely wounded.
Psyche hits you with a +1 dagger of chaos.
* * * LOW HITPOINT WARNING * * *
The storm dragon completely misses you. x2; The storm dragon barely misses you.
You release spores at Psyche but do no damage.
Psyche is severely wounded.
Psyche hits you with a +1 dagger of chaos.
* * * LOW HITPOINT WARNING * * *
You convulse.
* * * LOW HITPOINT WARNING * * *
You release spores at Psyche but do no damage.
Psyche is severely wounded.
Psyche hits you but does no damage.
You are slowing down.
You release spores at Psyche but do no damage.
Psyche appears confused.
Psyche is severely wounded.
Psyche mumbles something.
Your limbs are stiffening.
You strike the helpless storm dragon from behind!
You release spores at the storm dragon.
The storm dragon appears confused.
The storm dragon is moderately wounded.
Psyche cries, "My head!
MY HEAD!!!"
The orc closely misses you.
You have turned to stone.
The orc hits you but does no damage. The storm dragon bites you!
* * * LOW HITPOINT WARNING * * *
The storm dragon claws you but does no damage.
The storm dragon tramples you!
You die...

##.##.# # #..#.##
..##########'#..#
................####
..#######..........#
# #..........#
######.....# #.o.@.#
#..f..# #..D.## ###
#....####.######
###...>..#.......#
#......#.##.####.#
#......#..[(..#..#
#.....####.##.#.##
#.....# #.##.#.#
#.....# #....#.#


You could see a storm dragon (confused), Psyche (confused) and an orc.

Vanquished Creatures
  Harold (D:8)
  Pikel (D:7)
  A troll (D:7)
  Prince Ribbit (D:7)
  A hornet (D:7)
  Duvessa (D:4)
  An orc warrior (D:5)
  3 ogres
  A wolf (D:5)
  2 centaurs
  A lemure (D:7)
  A wyvern zombie (D:7)
  A bullfrog (D:7)
  3 gnoll sergeants
  4 scorpions
  Dowan (D:4)
  A water moccasin skeleton (D:5)
  A killer bee (D:8)
  A centaur zombie (D:7)
  A bullfrog zombie (D:6)
  3 bullfrog skeletons
  A centaur skeleton (D:6)
  8 hounds
  A jelly (D:5)
  3 gnoll shamans
  3 orc priests
  A scorpion zombie (D:5)
  3 iguanas
  5 orc wizards
  2 killer bee zombies
  A hound skeleton (D:5)
  38 gnolls
  12 adders
  A shadow imp (D:8)
  3 white imps
  2 ufetubi
  2 adder skeletons (D:4)
  2 worms (D:2)
  2 dart slugs
  26 orcs
  6 ball pythons
  7 bats
  7 endoplasms
  2 giant cockroaches
  6 goblins
  9 hobgoblins
  7 jackals
  8 kobolds
  7 quokkas
  7 frilled lizards
  8 rats
221 creatures vanquished.

Notes
Turn   | Place    | Note
-------+----------+-------------------------------------------
     0 | D:1      | Spaninq the Demonspawn Necromancer began the quest for the
                  | Orb.
     0 | D:1      | Reached XP level 1. HP: 13/13 MP: 3/3
    84 | D:1      | Gained mutation: When seriously injured, your bleeding
                  | wounds create armour. (AC +0) [demonic ancestry]
    84 | D:1      | Reached XP level 2. HP: 16/19 MP: 1/5
   341 | D:1      | Reached skill level 5 in Necromancy
   600 | D:1      | Reached XP level 3. HP: 19/24 MP: 2/6
  1920 | D:2      | Reached XP level 4. HP: 24/30 MP: 2/8
  2316 | D:2      | Reached skill level 6 in Necromancy
  3013 | D:3      | Reached XP level 5. HP: 31/35 MP: 5/9
  3028 | D:3      | Learned a level 3 spell: Vampiric Draining
  3519 | D:3      | Found a faded altar of an unknown god.
  3679 | D:3      | Noticed silentkaos13's ghost (weakling DsWn)
  3679 | D:3      | Identified the +0 scale mail of the Maze {Dex+3}
  3680 | D:3      | Found a runed translucent gate.
  3680 | D:3      | Found a runed translucent gate.
  3680 | D:3      | Found a runed translucent gate.
  3939 | D:4      | Noticed Dowan
  3939 | D:4      | Noticed Duvessa
  3987 | D:4      | Killed Duvessa
  3988 | D:4      | Reached skill level 7 in Necromancy
  3988 | D:4      | Gained mutation: You have sharp fingernails. [demonic
                  | ancestry]
  3988 | D:4      | Reached XP level 6. HP: 21/41 MP: 1/11
  4203 | D:4      | Killed Dowan
  5075 | D:4      | Reached skill level 8 in Necromancy
  5075 | D:4      | Gained mutation: You regenerate magic rapidly. [demonic
                  | ancestry]
  5075 | D:4      | Reached XP level 7. HP: 40/46 MP: 7/13
  5412 | D:5      | Entered Level 5 of the Dungeon
  5756 | D:5      | Reached skill level 9 in Necromancy
  5837 | D:5      | Reached skill level 5 in Spellcasting
  5947 | D:5      | Reached XP level 8. HP: 37/52 MP: 10/15
  6449 | D:5      | Reached skill level 1 in Shields
  6581 | D:5      | Reached skill level 10 in Necromancy
  7986 | D:6      | Found Gifom's Armour Emporium.
  7996 | D:6      | Reached XP level 9. HP: 49/57 MP: 8/18
  8176 | D:6      | Learned a level 5 spell: Agony
  8611 | D:6      | Found a staircase to the Ecumenical Temple.
  8639 | Temple   | Entered the Ecumenical Temple
  9142 | Temple   | Became a worshipper of Vehumet
  9180 | D:6      | Reached skill level 11 in Necromancy
  9587 | D:7      | Noticed Pikel
  9601 | D:7      | Killed Pikel
  9992 | D:7      | Paralysed by a hornet for 2 turns
  9998 | D:7      | Reached skill level 1 in Fighting
 10140 | D:7      | Noticed Prince Ribbit
 10152 | D:7      | Killed Prince Ribbit
 10153 | D:7      | Reached skill level 12 in Necromancy
 10239 | D:7      | Found an ornate altar of the Wu Jian Council.
 10803 | D:8      | Noticed Psyche
 11039 | D:8      | Noticed Harold
 11059 | D:8      | Noticed a troll
 11060 | D:8      | Killed Harold
 11061 | D:8      | Reached XP level 10. HP: 39/70 MP: 2/21
 11318 | D:8      | Reached * piety under Vehumet
 11318 | D:8      | Offered knowledge of Freeze by Vehumet.
 11380 | D:8      | Noticed a death yak
 11407 | D:8      | Noticed a storm dragon
 11407 | D:8      | a death yak changed into a storm dragon
 11746 | D:8      | HP: 1/70 [storm dragon (4)]
 11746 | D:8      | Slain by a storm dragon

Illustrated notes

Levels and vault maps discovered:
D:1:      ncdulo_smallfort, layout_basic, minmay_misc_feat_alley, minmay_cupped
D:2:      minmay_razor_zed, layout_loops_ring, st_stairs_5
D:3:      layout_loops_ring, hellmonk_ecumenical_altar_leap_of_faith,
          biasface_ghost_orc_armoury
D:4:      layout_loops_corners, uniq_duvessa
D:5:      layout_cave_pools, serial_gnoll_camp, gnoll_camp_medium_01,
          gnoll_camp_mini_hut, gnoll_camp_mini_hut, gnoll_camp_mini_hut,
          gnoll_camp_huts_moat, minmay_fractal_squares_gapless_5
D:6:      layout_cave_pods, minmay_temple_entry_junction, serial_shops,
          nicolae_shop_stone
D:7:      layout_basic, mainiacjoe_overflow_alcove_2, uniq_prince_ribbit1,
          uniq_pikel
D:8:      layout_basic, gammafunk_temple_overflow_statue, dpeg_lair_monsters,
          uniq_harold, uniq_psyche
Temple:   dpeg_five_rooms_temple

Skill      XL: |  1  2  3  4  5  6  7  8  9 |
---------------+----------------------------+-----
Necromancy     | 5 6 7 8 9 10 12 | 12.7
Spellcasting   | 3 4 5 6 7 |  7.6
Shields        | 3 4 |  4.0
Fighting       | 3 |  3.4
Dodging        | |  1.7
Stealth        | |  1.7

Action                   |  1- 3 |  4- 6 |  7- 9 | 10-12 || total
-------------------------+-------+-------+-------+-------++-------
Melee: Dagger            |     4 |    13 |   136 |     9 ||   162
       Whip              |       |    19 |       |       ||    19
       Unarmed           |       |       |       |    13 ||    13
 Cast: Pain              |    78 |   124 |   287 |       ||   489
       Vampiric Draining |       |     2 |    46 |    27 ||    75
Evoke: Wand              |       |       |     1 |       ||     1
  Use: Scroll            |       |       |    19 |       ||    19
 Stab: Confused          |       |       |       |     3 ||     3
Armor: Robe              |     1 |       |       |       ||     1
       Ring mail         |     5 |    34 |    84 |    13 ||   136
       Skin              |       |       |       |     8 ||     8
Dodge: Dodged            |     7 |    41 |   161 |    55 ||   264
Block: Buckler           |       |       |    28 |     8 ||    36

Table legend: (Time is in decaauts)
 A = Elapsed time spent in this place.
 B = Non-inter-level travel time spent in this place.
 C = Inter-level travel time spent in this place.
 D = Time resting spent in this place.
 E = Time spent auto-exploring this place.
 F = Levels seen in this place.
 G = Mean time per level.
                   A        B        C        D        E       F      G
               +--------+--------+--------+--------+--------+-----+--------+
         Total |  11740 |  11303 |    437 |   2061 |   7115 |   9 | 1304.4 |
       Dungeon |  11204 |  10799 |    405 |   2061 |   6635 |   8 | 1400.5 |
        Temple |    536 |    504 |     32 |      0 |    480 |   1 |  536.0 |
               +--------+--------+--------+--------+--------+-----+--------+

Top non-repeatable levels by time:
     D:5: 2222 daAuts
     D:4: 1653 daAuts
     D:7: 1479 daAuts
     D:1: 1451 daAuts
     D:2: 1437 daAuts
     D:3: 1197 daAuts
     D:6: 1179 daAuts
     D:8: 582 daAuts
  Temple: 536 daAuts
